 Dungeon Crawl Stone Soup version 0.28-a0-1292-gb4563b27b3 (webtiles) character file.

Game seed: 5310469715432812161

14035 PlayingRandomsOnly the Spear-Bearer (level 12, -4/80 HPs)
             Began as an Octopode Gladiator on Dec 27, 2021.
             Was an Initiate of Gozag.
             Slain by a komodo dragon (8 damage)
             ... while petrified by a basilisk
             ... on level 1 of the Lair of Beasts.
             The game lasted 02:14:54 (18046 turns).

PlayingRandomsOnly the Spear-Bearer (OpGl)         Turns: 18046, Time: 02:14:54

Health: -4/80      AC:  1    Str: 20    XL:     12   Next: 12%
Magic:  12/12      EV:  2    Int: 10    God:    Gozag
Gold:   119        SH:  0    Dex: 18    Spells: 11/11 levels left

rFire   . . .      SeeInvis +   a - +0 trident
rCold   + . .      Faith    .   A - +2 kite shield
rNeg    + + +      Spirit   .   t - +0 hat
rPois   ∞          Reflect  +   i - amulet of reflection
rElec   .          Harm     .   z - ring of see invisible
rCorr   .          Rampage  .   L - ring of protection from cold
Will    .....                   P - +6 ring of strength
Stlth   +++++.....              (no ring)
HPRegen 0.23/turn               (no ring)
MPRegen 0.13/turn               (no ring)
                                (no ring)
                                (no ring)

@: mighty, petrified, invisible
A: almost no armour, amphibious, 8 rings, camouflage 1, gelatinous body 1,
(nimble swimmer 1), tentacles
a: Renounce Religion, Potion Petition, Call Merchant, Bribe Branch


You were on level 1 of the Lair of Beasts.
You worshipped Gozag.
Gozag was aware of your devotion.
You visited 2 branches of the dungeon, and saw 14 of its levels.
You also visited: Ice Cave.

You collected 2382 gold pieces.
You spent 1242 gold pieces at shops.
You paid 1021 gold pieces to Gozag.

Inventory:

Hand Weapons
 a - a +0 trident (weapon)
 b - a +0 hunting sling
Missiles
 j - 360 stones
 n - 2 datura-tipped darts
 q - 87 sling bullets
 I - 2 javelins
 O - 9 poisoned darts
 R - 5 curare-tipped darts (quivered)
Armour
 t - a +0 hat (worn)
 A - a +2 kite shield (worn)
Magical Staves
 c - a staff of poison
 M - a staff of conjuration
Jewellery
 i - an amulet of reflection (around mantle)
 x - a ring of flight
 z - a ring of see invisible (left tentacle)
 L - a ring of protection from cold (right tentacle)
 P - a +6 ring of strength (on tentacle)
Wands
 f - a wand of flame (9)
 C - a wand of polymorph (6)
 E - a wand of iceblast (5)
 F - a wand of charming (8)
Scrolls
 e - a scroll of enchant armour {unknown}
 g - a scroll of brand weapon {unknown}
 h - 5 scrolls of teleportation {unknown}
 m - a scroll of blinking {unknown}
 p - 2 scrolls of noise {unknown}
 u - a scroll of immolation {unknown}
 v - 3 scrolls of amnesia {unknown}
 y - a scroll of enchant weapon {unknown}
 H - a scroll of silence {unknown}
Potions
 d - a potion of cancellation
 k - 2 potions of heal wounds
 l - a potion of haste
 o - a potion of brilliance
 s - 3 potions of might
 w - a potion of invisibility
 B - a potion of mutation
 D - a potion of magic {unknown}
 K - a potion of curing {unknown}
 N - a potion of flight {unknown}
 Q - a potion of attraction
Miscellaneous
 G - a piece from Xom's chessboard (12/15)
 J - a box of beasts


   Skills:
 + Level 6.3 Fighting
 * Level 13.1 Polearms
 - Level 5.0 Throwing
 - Level 5.0 Dodging
 - Level 7.7 Stealth
 - Level 9.0 Shields
 - Level 5.2 Evocations


You had 11 spell levels left.
You didn't know any spells.
Your spell library contained the following spells:

 Spells                   Type           Power      Damage    Failure   Level
 Summon Small Mammal      Summ           0%         N/A       63%         1
 Ensorcelled Hibernation  Hex/Ice        0%         N/A       77%         2
 Call Canine Familiar     Summ           0%         N/A       94%         3
 Dazzling Flash           Conj/Hex       0%         N/A       94%         3
 Spider Form              Tmut/Pois      0%         N/A       94%         3
 Summon Guardian Golem    Hex/Summ       0%         N/A       94%         3
 Hailstorm                Conj/Ice       0%         3d3       100%        4
 Ice Form                 Ice/Tmut       0%         N/A       100%        4
 Iskenderun's Mystic Bla  Conj/Tloc      0%         2d3       100%        4
 Agony                    Necr           0%         N/A       100%        5
 Silence                  Hex/Air        0%         N/A       100%        5
 Simulacrum               Ice/Necr       0%         N/A       100%        6
 Starburst                Conj/Fire      0%         6d3       100%        6


Dungeon Overview and Level Annotations

Branches:
Dungeon (11/15)            Temple (0/1) D:4            Lair (3/6) D:9
 Spider (0/4) Lair:2        IceCv (visited)
  Swamp: Lair:2-4    Shoals: Lair:2-4     Snake: Lair:2-4       Orc: D:9-12

Altars:
Cheibriados
Dithmenos
Gozag
Hepliaklqana
Kikubaaqudgha
Nemelex Xobeh
Qazlal
Uskayaw
Vehumet
Wu Jian
Yredelemnul
The Shining One

Shops:
D:6 =

Annotations:
D:7 Harold
Lair:1 exclusion: hydra
Lair:2 1 runed translucent door, BlueGoblin's ghost, journeyman NaBe; Urug


Innate Abilities, Weirdness & Mutations

You cannot wear most types of armour.
You are amphibious.
You can wear up to eight rings at the same time.
Your skin changes colour to match your surroundings (Stealth+).
Your rubbery body absorbs attacks. (AC +1, EV +1)
((You are camouflaged when in or above water. (Stealth+)))
You have tentacles for arms and can constrict up to eight enemies at once.


Message History

You kill the bullfrog!
You block the komodo dragon's attack. You block the komodo dragon's attack.
You climb upwards.
Level annotation: exclusion: hydra
Found a potion of berserk rage.
There is a stone staircase leading down here.
The basilisk hisses angrily.
You hit the komodo dragon but do no damage.
You squeeze the komodo dragon.
The komodo dragon is severely wounded.
The basilisk gazes at you.
You are slowing down.
The komodo dragon is distracted by your dazzling golden aura.
Okay, then. [a] - 870 gold - resistance, might, haste and heal wounds [b] - 630 gold - haste, resistance, heal wounds and berserk rage [c] - 312 gold - invisibility and might Purchase which effect?
You no longer have enough gold to petition Gozag for potion effects.
You fade into invisibility!
You feel very mighty all of a sudden.
Your limbs are stiffening.
You closely miss the komodo dragon.
The komodo dragon is no longer distracted by gold.
The komodo dragon hisses angrily.
You squeeze the komodo dragon.
The komodo dragon is almost dead.
The komodo dragon bites you.
You have turned to stone.
The komodo dragon bites you!! The komodo dragon bites you!
The basilisk gazes at you. The komodo dragon bites you!!
* * * LOW HITPOINT WARNING * * *
The komodo dragon barely misses you. The basilisk gazes at you.
The komodo dragon bites you!!
* * * LOW HITPOINT WARNING * * *
The komodo dragon bites you!
You die...
Your body crumbles into a pile of gold.

#.....#
#..........###
####+.#
#......#..F..##
#..##
##....##.......###
###.##
#....#+##.#..8...#
#....#
*#...##....###..#..
#..###
*....#.......#+#...
###..#
##..##..........#..
#...##
#...#........#..#..
##.##
#.@l.........+.##..
#..#
#.l.#........####..
#.##
#####.........* ###
##.# #......[.## *
##..# #####+.### ##
#...# ### *,,.#*
*#. ##+#.###.#
##+#*,*#####..
#........#
#...,,*,..#.+#
#........#
#.#.,##.#.#...


You could see a komodo dragon and a basilisk.

Vanquished Creatures
  2 death yaks (IceCv)
  An ugly thing (IceCv)
  A black mamba (Lair:1)
  3 komodo dragons
  3 rime drakes (IceCv)
  2 trolls (D:10)
  3 polar bears (IceCv)
  6 blink frogs
  A shadow (D:10)
  2 wyverns
  5 yaks
  A wraith (D:10)
  A steam dragon (D:8)
  Edmund (D:6)
  7 water moccasins
  3 orc warriors
  A sky beast (D:5)
  3 black bears
  A necrophage (D:6)
  2 centaurs
  9 wolves
  3 ogres
  4 kobold brigands
  A phantom (D:6)
  7 bullfrogs
  2 scorpions (D:6)
  A wyvern skeleton (D:7)
  6 killer bees (D:10)
  5 wights
  2 centaur zombies
  A jelly (D:8)
  A centaur skeleton (D:7)
  2 orc priests (D:9)
  4 hounds
  A bullfrog skeleton (D:6)
  2 iguanas
  7 orc wizards
  7 adders
  A shadow imp (D:5)
  A white imp (D:6)
  An ufetubus (D:4)
  2 worms
  3 dart slugs
  15 orcs
  11 endoplasms
  3 giant cockroaches
  5 goblins
  3 hobgoblins
  10 jackals
  8 quokkas
  6 ball pythons
  8 bats
  2 frilled lizards (D:1)
  22 kobolds
  8 rats
  A spectral hobgoblin (D:1)
224 creatures vanquished.

Vanquished Creatures (collateral kills)
  A death yak (IceCv)
  A polar bear (IceCv)
  A wraith (D:10)
  6 yaks
  A wolf (IceCv)
  2 orc priests (D:9)
  2 orc wizards (D:9)
  4 orcs (D:9)
18 creatures vanquished.

Vanquished Creatures (others)
  A polar bear (IceCv)
  3 yaks (IceCv)
  A fungus (Lair:3)
  78 plants
  2 withered plants (Lair:2)
85 creatures vanquished.

Grand Total: 327 creatures vanquished

Notes
Turn   | Place    | Note
-------+----------+-------------------------------------------
     0 | D:1      | PlayingRandomsOnly the Octopode Gladiator began the quest
                  | for the Orb.
     0 | D:1      | Reached XP level 1. HP: 14/14 MP: 1/1
   191 | D:2      | Reached XP level 2. HP: 19/19 MP: 2/2
   381 | D:1      | Reached skill level 4 in Polearms
   401 | D:1      | Found a faded altar of an unknown god.
   432 | D:1      | Reached XP level 3. HP: 24/24 MP: 3/3
   550 | D:1      | Reached skill level 1 in Stealth
  1354 | D:5      | Entered Level 5 of the Dungeon
  1367 | D:6      | Noticed a phantom
  1595 | D:2      | Reached XP level 4. HP: 28/29 MP: 4/4
  1993 | D:3      | Found an ornate altar of the Wu Jian Council.
  2169 | D:4      | Reached skill level 5 in Polearms
  2169 | D:4      | Reached XP level 5. HP: 34/34 MP: 5/5
  2177 | D:4      | Found a basalt altar of Yredelemnul.
  2197 | D:4      | Noticed an ogre
  2394 | D:4      | Noticed an ogre
  3017 | D:4      | Found an opulent altar of Gozag.
  3093 | D:4      | Killed an ogre
  3094 | D:4      | Reached skill level 6 in Polearms
  3094 | D:4      | Reached XP level 6. HP: 38/39 MP: 6/6
  3387 | D:4      | Became a worshipper of Gozag Ym Sagoz the Greedy
  3417 | D:4      | Found a staircase to the Ecumenical Temple.
  3441 | D:4      | Found a snail-covered altar of Cheibriados.
  3441 | D:4      | Found an ancient bone altar of Kikubaaqudgha.
  3860 | D:6      | Reached skill level 7 in Polearms
  3887 | D:6      | Noticed a necrophage
  3901 | D:6      | Killed a necrophage
  3902 | D:6      | Reached XP level 7. HP: 39/45 MP: 7/7
  4340 | D:6      | Noticed Edmund
  4500 | D:5      | Reached skill level 8 in Polearms
  7599 | D:5      | Reached XP level 8. HP: 51/51 MP: 8/8
  8154 | D:6      | Reached skill level 5 in Dodging
  8203 | D:7      | Found a hazy altar of Hepliaklqana.
  8203 | D:7      | Found a hide-covered altar of Uskayaw.
  8309 | D:7      | Noticed Harold
  8733 | D:6      | Reached skill level 5 in Stealth
  8976 | D:6      | Killed Edmund
  9151 | D:6      | Found Ucicaeb's Jewellery Boutique.
  9161 | D:6      | Bought an amulet of reflection for 360 gold pieces
  9161 | D:6      | Bought a ring of see invisible for 180 gold pieces
  9214 | D:6      | Found a sparkling altar of Nemelex Xobeh.
  9756 | D:8      | Reached XP level 9. HP: 60/60 MP: 9/9
  9760 | D:8      | Reached skill level 1 in Shields
  9851 | D:8      | Found a radiant altar of Vehumet.
 10527 | D:8      | Reached skill level 5 in Shields
 11412 | D:10     | Entered Level 10 of the Dungeon
 11524 | D:9      | Found a shadowy altar of Dithmenos.
 11860 | D:9      | Reached XP level 10. HP: 25/65 MP: 10/10
 12188 | D:9      | Reached skill level 5 in Throwing
 12376 | D:9      | Found a staircase to the Lair.
 12635 | D:10     | Reached skill level 1 in Evocations
 12796 | D:10     | Reached skill level 9 in Polearms
 12881 | D:10     | Found a glowing golden altar of the Shining One.
 12902 | D:10     | Found a stormy altar of Qazlal.
 13340 | D:11     | Noticed a white ugly thing
 14425 | Lair:1   | Entered Level 1 of the Lair of Beasts
 14436 | Lair:1   | Reached skill level 10 in Polearms
 14636 | Lair:1   | You fall into a shaft and drop 1 floor!
 14683 | Lair:1   | Found a frozen archway.
 14695 | IceCv    | Entered an ice cave
 14711 | IceCv    | Reached XP level 11. HP: 16/70 MP: 11/11
 14837 | IceCv    | Noticed a death yak
 14837 | IceCv    | Noticed a death yak
 14857 | IceCv    | Killed a death yak
 14862 | IceCv    | Killed a death yak
 14863 | IceCv    | Reached skill level 11 in Polearms
 14863 | IceCv    | Reached skill level 5 in Evocations
 15595 | IceCv    | Noticed a death yak
 15595 | IceCv    | Noticed a white ugly thing
 15632 | IceCv    | Killed a death yak
 15776 | IceCv    | Killed a white ugly thing
 15968 | IceCv    | Noticed a frost giant
 16083 | Lair:1   | Reached skill level 12 in Polearms
 16162 | Lair:1   | Reached skill level 5 in Fighting
 16188 | Lair:1   | Noticed a five-headed hydra
 16384 | Lair:1   | HP: 2/72 [komodo dragon (32)]
 16873 | Lair:2   | Found a runed translucent door.
 16877 | Lair:2   | Noticed BlueGoblin's ghost (journeyman NaBe)
 17247 | D:6      | Bought a +6 ring of strength for 702 gold pieces
 17593 | Lair:2   | Noticed Urug
 17664 | Lair:3   | Noticed an eight-headed hydra
 17675 | Lair:3   | Reached XP level 12. HP: 78/78 MP: 12/12
 17780 | Lair:2   | Reached skill level 13 in Polearms
 18045 | Lair:1   | HP: 4/80 [komodo dragon (16)]
 18046 | Lair:1   | Slain by a komodo dragon

Illustrated notes

Levels and vault maps discovered:
D:1:      dpeg_arrival_orchard, layout_loops_ring,
          dreamdust_ecumenical_altar_drowned_temple, serial_park_tiny_pond
D:2:      layout_loops_ring
D:3:      layout_basic, nicolae_overflow_crystal_walls, bh_walls_and_bars
D:4:      wad_woods_stonehenge, layout_basic, gammafunk_temple_overflow_statue,
          mainiacjoe_overflow_six_doors_small, minmay_temple_entry_slanted
D:5:      layout_basic
D:6:      layout_basic, nemelex_diamond_rough_becter, serial_shops, shop,
          uniq_edmund
D:7:      layout_loops_ring, gammafunk_temple_overflow_elements, uniq_pikel,
          uniq_harold
D:8:      layout_rooms, mainiacjoe_overflow_24_doors, corexii_leaking_fountain
D:9:      layout_rooms, mainiacjoe_overflow_boulevard, david_lair_shrubbed
D:10:     layout_layer_cave, mainiacjoe_overflow_alcove_2, kennysheep_mini
D:11:     layout_roguey, minmay_orc_entry_temple_small,
          minmay_shop_enchanted_jewellery, eino_small_chamber_without_monster,
          uniq_maurice, uniq_psyche
Lair:1:   layout_roguey, portal_ice_cave_entry_pillars_2, patterned_corridor,
          serial_bayou_shore_b, grunt_megastairs_4
Lair:2:   layout_roguey, dummy_spider_entry, gammafunk_ghost_grave,
          beast_lair_carwin_3, uniq_urug
Lair:3:   layout_hall_layers, enter_volcano_3, cheibrodos_lair_caveside_slide,
          beast_lair_carwin_10, grunt_megastairs_3, lemuel_fruit_tree

Skill      XL: |  1  2  3  4  5  6  7  8  9 10 11 12 |
---------------+-------------------------------------+-----
Polearms       | 4 5 6 7 8 10 12 13 | 13.1
Stealth        | 1 2 3 6 7 |  7.7
Dodging        | 4 5 |  5.0
Fighting       | 4 5 6 |  6.3
Shields        | 6 8 9 |  9.0
Throwing       | 4 5 |  5.0
Evocations     | 4 5 |  5.2

Action                   |  1- 3 |  4- 6 |  7- 9 | 10-12 || total
-------------------------+-------+-------+-------+-------++-------
Melee: Trident           |    99 |   130 |   250 |   388 ||   867
       Tentacles         |    13 |    23 |    49 |    92 ||   177
       Constrict         |    16 |    24 |    34 |    32 ||   106
 Fire: Hunting sling     |       |    14 |    61 |     9 ||    84
Throw: Stone             |    10 |     4 |     3 |       ||    17
       Throwing net      |     1 |     6 |     1 |       ||     8
       Dart              |       |       |    11 |    62 ||    73
Invok: Potion Petition   |       |       |       |     3 ||     3
Evoke: Wand              |       |       |    21 |     8 ||    29
       Box of beasts     |       |       |       |     1 ||     1
       Piece from Xom's  |       |       |       |     4 ||     4
  Use: Potion            |       |       |     2 |     4 ||     6
       Scroll            |       |       |     4 |    10 ||    14
 Stab: Sleeping          |    15 |    11 |     6 |     6 ||    38
       Distracted        |     1 |       |     1 |     6 ||     8
       Held in net/web   |       |     1 |       |       ||     1
Armor: Skin              |     4 |     1 |     4 |     6 ||    15
Dodge: Dodged            |    27 |    37 |    95 |    84 ||   243
Block: Other             |       |       |     1 |       ||     1
       Kite shield       |       |       |    74 |   238 ||   312
       Reflection        |       |       |     5 |     7 ||    12

Table legend: (Time is in decaauts)
 A = Elapsed time spent in this place.
 B = Non-inter-level travel time spent in this place.
 C = Inter-level travel time spent in this place.
 D = Time resting spent in this place.
 E = Time spent auto-exploring this place.
 F = Levels seen in this place.
 G = Mean time per level.
                   A        B        C        D        E       F      G
               +--------+--------+--------+--------+--------+-----+--------+
         Total |  18057 |  17222 |    835 |   4689 |   4023 |  15 | 1203.8 |
       Dungeon |  14756 |  13992 |    764 |   3311 |   4023 |  11 | 1341.5 |
          Lair |   1945 |   1874 |     71 |    676 |      0 |   3 |  648.3 |
      Ice Cave |   1355 |   1355 |      0 |    702 |      0 |   1 | 1355.0 |
               +--------+--------+--------+--------+--------+-----+--------+

Top non-repeatable levels by time:
     D:5: 4010 daAuts
    D:10: 1841 daAuts
     D:8: 1364 daAuts
   IceCv: 1355 daAuts
     D:4: 1323 daAuts
     D:9: 1322 daAuts
     D:6: 1195 daAuts
  Lair:1: 1152 daAuts
     D:7: 1053 daAuts
     D:3: 990 daAuts
     D:2: 949 daAuts
  Lair:2: 729 daAuts
     D:1: 698 daAuts
  Lair:3: 63 daAuts
    D:11: 7 daAuts
